Map: Ulrena

Players

IIIIIIIIIIII (State) - Winner!

  • Race: Protoss Protoss
  • League: Master

Suppy

  • Race: Zerg Zerg
  • League: Master

VOD

https://www.youtube.com/watch?v=eBwn5_MANXc

Description

Here's a quick PvZ between State and Suppy.

State opens with a quick 2 Gate Adept, which Suppy instantly scouts with his Overlord. The first 2 Adepts get little scouting information, but State gets a quick Oracle.

After losing 9 workers to the Oracle harass, Suppy goes all-in with 11 Roaches at 5:00 but can't do enough damage and GGs soon after.

Time

  • Played on: Feb. 1, 2016, 2:36 p.m.
  • Length: 5:53
Show
View Real Time Build Order
Export as new Build Order

IIIIIIIIIIII Protoss - Winner!

Build Orders: Oracle Opening 

Get SALT Encoding   

  12  0:01  Probe (Chrono Boost)  
  13  0:11  Probe (Chrono Boost)  
  14  0:18  Pylon  
  14  0:22  Probe (Chrono Boost)  
  15  0:36  Probe (Chrono Boost)  
  15  0:37  Gateway  
  16  0:44  Assimilator  
  16  0:47  Probe (Chrono Boost)  
  17  0:53  Assimilator  
  17  0:57  Probe (Chrono Boost)  
  18  1:05  Gateway  
  18  1:08  Probe (Chrono Boost)  
  19  1:18  Probe (Chrono Boost)  
  20  1:26  Cybernetics Core  
  20  1:29  Probe (Chrono Boost)  
  21  1:36  Pylon  
  22  1:40  Probe (Chrono Boost)  
  22  1:50  Probe (Chrono Boost)  
  23  2:02  Adept x2, Warp Gate (Chrono Boost)  
  23  2:06  Probe  
  28  2:24  Nexus  
  28  2:34  Stargate  
  28  2:40  Pylon  
  28  2:46  Mothership Core (Chrono Boost)  
  30  2:59  Adept x2  
  34  3:07  Probe (Chrono Boost)  
  35  3:17  Probe (Chrono Boost)  
  36  3:22  Oracle (Chrono Boost)  
  39  3:31  Pylon  
  39  3:36  Probe x2  
  41  3:47  Probe  
  41  3:48  Probe  
  43  3:56  Oracle (Chrono Boost)  
  43  3:57  Probe, Adept x2  
  43  4:00  Probe  
  52  4:08  Probe  
  53  4:12  Probe  
  54  4:18  Probe  
  54  4:23  Stalker  
  54  4:24  Probe, Pylon, Stalker  
  60  4:33  Pylon  
  60  4:43  Void Ray (Chrono Boost)  
  62  4:49  Probe  
  62  4:51  Probe  
  62  4:52  Stalker  
  66  4:53  Zealot  
  66  5:00  Probe  
  66  5:03  Probe  
  60  5:10  Probe  
  55  5:15  Probe  
  55  5:18  Adept x2  
  55  5:21  Probe  
  53  5:22  Pylon  
  53  5:27  Probe  
  55  5:31  Probe  
  59  5:39  Probe  
  60  5:47  Nexus  
  61  5:50  Pylon  
Show
View Real Time Build Order
Export as new Build Order

Suppy Zerg 

Build Orders: Hatch First 

Get SALT Encoding   

  12  0:00  Drone  
  13  0:13  Overlord  
  13  0:17  Drone  
  14  0:31  Drone  
  14  0:32  Drone  
  14  0:35  Drone  
  17  0:53  Hatchery  
  17  0:57  Drone  
  17  0:59  Drone  
  18  1:13  Spawning Pool  
  18  1:16  Drone  
  18  1:20  Drone  
  18  1:25  Extractor  
  18  1:29  Drone  
  19  1:39  Drone  
  20  1:50  Overlord  
  20  1:59  Queen  
  22  2:03  Overlord  
  22  2:06  Queen  
  22  2:07  Zergling x2  
  25  2:12  Zergling x2  
  26  2:16  Drone  
  27  2:23  Drone  
  27  2:27  Zergling x2  
  29  2:33  Drone  
  29  2:35  Queen  
  32  2:39  Zergling x2  
  32  2:43  Drone  
  34  2:51  Drone  
  35  2:58  Roach Warren  
  34  3:01  Overlord  
  34  3:12  Overlord  
  34  3:14  Drone x2  
  35  3:38  Roach x3  
  35  3:39  Roach x3  
  47  3:43  Roach x3  
  47  3:45  Roach  
  47  3:46  Roach  
  57  3:52  Overlord  
  57  3:55  Zergling x4  
  59  4:16  Zergling x2  
  59  4:17  Zergling x12  
  58  4:21  Ravager  
  58  4:26  Ravager  
  58  4:28  Zergling x8  
  63  4:38  Zergling x4  
  58  4:46  Zergling x2  
  46  5:01  Zergling x2  
  46  5:02  Zergling x10  
  38  5:21  Roach x2  
  38  5:22  Roach  
  38  5:26  Zergling x4  
  37  5:31  Drone  
  38  5:39  Drone  
  38  5:40  Drone  
Tags
 
Add a new tag
Caveats
  • Supply blocks, unpowered buildings, or Contaminate may cause inaccurate times.
  • Supply counts are checked every 10 seconds.